 Dungeon Crawl Stone Soup version 0.17-a0-1850-g688e747 (webtiles) character file.

142 4thArraOfDagon the Chopper (level 5, 0/28 HPs)
             Began as a Vine Stalker Berserker on Sept 18, 2015.
             Was a Follower of Trog.
             Succumbed to a gnoll's poison
             ... on level 5 of the Dungeon.
             The game lasted 00:03:34 (523 turns).

4thArraOfDagon the Chopper (Vine Stalker Berserker)  Turns: 523, Time: 00:03:34

Health: 0/28       AC:  5    Str: 26    XL:     5   Next: 25%
Magic:  6/6        EV: 11    Int:  7    God:    Trog [*.....]
Gold:   41         SH:  0    Dex: 13    Spells: 0 memorised, 4 levels left

rFire  . . .     SeeInvis .     a - -2 war axe (curse)
rCold  . . .     Clarity  .     f - +0 ring mail
rNeg   . . .     SustAt   .     (no shield)
rPois  .         Gourm    .     (no helmet)
rElec  .         Spirit   +     (no cloak)
rCorr  .         Warding  .     (no gloves)
rMut   .         Stasis   .     (no boots)
MR     .....                    (no amulet)
Stlth  +.........               (no ring)
                                (no ring)

@: mighty, lethally poisoned (0 -> 0), exhausted, slowed, very slow, not
resistant to hostile enchantments, very unstealthy
A: fangs 2, regeneration 1, magic shield, antimagic bite, no device heal 3, rot
immunity
a: Burn Spellbooks, Berserk, Renounce Religion


You were on level 5 of the Dungeon.
You worshipped Trog.
Trog was aware of your devotion.
You were very hungry.

You visited 1 branch of the dungeon, and saw 6 of its levels.

You collected 41 gold pieces.

Inventory:

Hand weapons
 a - a cursed -2 war axe (weapon)
 e - a +0 war axe
 i - a +0 blowgun
Missiles
 j - 6 poisoned needles
Armour
 b - a +0 scale mail
 f - a +0 ring mail (worn)
Scrolls
 g - a scroll of identify
Comestibles
 c - a bread ration
 d - 2 meat rations
 h - 5 fruits


   Skills:
 + Level 3.4 Fighting
 * Level 4.1 Axes
 + Level 2.6 Armour
 - Level 1.5 Dodging


You had 4 spell levels left.
You didn't know any spells.

Dungeon Overview and Level Annotations

Branches:
Dungeon (6/15)
 Temple: D:4-7

Altars:

Annotations:
D:6 Pikel


Innate Abilities, Weirdness & Mutations

You have extremely sharp teeth.
Your natural rate of healing is unusually fast.
When hurt, damage is shared between your health and your magic reserves.
Your bite disrupts and absorbs the magic of your enemies.
Potions and wands cannot restore your health.
You are immune to rotting.


Message History

* * * LOW HITPOINT WARNING * * *
You feel sick.
Unknown command.
* * * LOW HITPOINT WARNING * * *
You feel sick.
Unknown command.
* * * LOW HITPOINT WARNING * * *
You feel sick.
Unknown command.
Unknown command.
* * * LOW HITPOINT WARNING * * *
You feel sick.
Unknown command.
A water moccasin skeleton comes into view.
Unknown command.
* * * LOW HITPOINT WARNING * * *
You feel sick.
Unknown command.
Unknown command.
You die...

####.......
#...<#.....
######.#........
...... #.##.....
#######...####.#......
..Z..........#.#......
###### #.# #.#......
#....###.# .........
#.##..@..# #.#######
##.######## ..#
####.......# .##
#..........# ......#
#..........# ......#
#....))....# ......#
#...)......# ......#
#...)......##......#
###........#........


There were no monsters in sight!

Vanquished Creatures
  2 slaves (D:5)
  A scorpion (D:5)
  A worker ant (D:5)
  4 gnolls (D:5)
  An adder (D:3)
  9 orcs (D:3)
  A bat (D:3)
  2 giant cockroaches (D:3)
  A quokka (D:3)
  3 kobolds (D:3)
  A rat (D:3)
26 creatures vanquished.

Notes
Turn   | Place    | Note
--------------------------------------------------------------
     0 | D:1      | 4thArraOfDagon the Vine Stalker Berserker began the quest for the Orb.
     0 | D:1      | Reached XP level 1. HP: 11/11 MP: 2/2
   107 | D:3      | Reached skill level 3 in Axes
   107 | D:3      | Reached XP level 2. HP: 9/16 MP: 3/3
   189 | D:3      | Reached XP level 3. HP: 12/20 MP: 4/4
   308 | D:5      | Entered Level 5 of the Dungeon
   335 | D:5      | Reached XP level 4. HP: 24/24 MP: 5/5
   360 | D:6      | Noticed Pikel
   360 | D:6      | Noticed a slave
   360 | D:6      | Noticed a slave
   360 | D:6      | Noticed a slave
   360 | D:6      | Noticed a slave
   382 | D:5      | Killed a slave
   383 | D:5      | Killed a slave
   423 | D:5      | Noticed a scorpion
   427 | D:5      | Killed a scorpion
   485 | D:5      | Noticed a centaur
   496 | D:5      | ofcourse
   500 | D:5      | Reached skill level 4 in Axes
   500 | D:5      | Reached XP level 5. HP: 28/28 MP: 4/6
   510 | D:5      | RIP
   516 | D:5      | HP: 1/28 [poisoned by a gnoll]
   521 | D:5      | HP: 1/28 [poisoned by a gnoll]
   523 | D:5      | Succumbed to a gnoll's poison

Vault maps used:
D:1:      enne_arrival_octagon_isle, kennysheep_pointless_box,
          minmay_misc_feat_more_columns
D:2:      first_bread, hangedman_feature_mirror, minmay_misc_feat_four_crosses,
          due_unseen_surprise
D:4:      old_standard_altar, minmay_temple_entry_purple_smoke, serial_shops,
          nicolae_shop_overgrown_old_shop, uniq_crazy_yiuf_cottage
D:5:      lemuel_coloured_pillars_altar, nemelex_dance_club_becter,
          uniq_sigmund, uniq_menkaure
D:6:      kennysheep_vampire_church, gup_sewer_entry_bowl, corner_web_ring,
          uniq_pikel, uniq_blork_the_orc

Action                   |  1- 3 |  4- 6 || total
-------------------------+-------+-------++-------
Melee: Hand axe          |    16 |       ||    16
       War axe           |    18 |    16 ||    34
Invok: Berserk           |     3 |     3 ||     6
  Use: Potion            |     1 |     1 ||     2
       Scroll            |       |     3 ||     3
  Eat: Chunk             |       |     4 ||     4
